 Dungeon Crawl Stone Soup version 0.28-a0-1199-gef9e1dbd39 (webtiles) character file.

Game seed: 18177920151146886997

2487 sanka the Cleaver (level 9, -1/75 HPs)
             Began as a Palentonga Abyssal Knight on Dec 19, 2021.
             Was an Elder of Lugonu.
             Slain by a wraith (9 damage)
             ... on level 7 of the Dungeon.
             The game lasted 00:10:06 (7599 turns).

sanka the Cleaver (Palentonga Abyssal Knight)       Turns: 7599, Time: 00:10:07

Health: -1/75      AC: 16    Str: 20    XL:     9   Next: 27%
Magic:  15/15      EV:  9    Int: 10    God:    Lugonu [****..]
Gold:   79         SH:  0    Dex: 12    Spells: 8/8 levels left

rFire   + . .      SeeInvis +   b - +0 long sword (holy)
rCold   + . .      Faith    .   (no shield)
rNeg    + . .      Spirit   .   D - +0 robe {rC+ rF+}
rPois   .          Reflect  .   (no helmet)
rElec   .          Harm     .   r - +0 cloak
rCorr   .          Rampage  .   (no gloves)
Will    .....                   (no barding)
Stlth   +.........              (no amulet)
HPRegen 0.22/turn               y - ring of positive energy
MPRegen 0.14/turn               d - +4 ring of protection

@: slowed, curled up, very slow
A: large, rugged brown scales 3, see invisible, deformed body, roll 1, armoured
tail, reflexive curl
a: Rolling Charge, Renounce Religion, Depart the Abyss, Bend Space, Banish,
Corrupt


You were on level 7 of the Dungeon.
You worshipped Lugonu.
Lugonu was greatly pleased with you.
You visited 1 branch of the dungeon, and saw 7 of its levels.
You visited the Abyss 1 time.

You collected 312 gold pieces.
You spent 233 gold pieces at shops.


Innate Abilities, Weirdness & Mutations

You are completely covered in rugged brown scales. (AC +3, +7% HP)
You have supernaturally acute eyesight. (SInv)
Armour fits poorly on your strangely shaped body.
You can roll at nearby foes to attack.
You have a long armoured tail.
You curl defensively after being hit. (AC +7*)


   Skills:
 + Level 6.5 Fighting
 - Level 2.6 Long Blades
 + Level 8.4 Axes
 - Level 1.5 Armour
 - Level 0.7 Dodging
 - Level 8.0 Invocations


You had 8 spell levels left.
You didn't know any spells.
Your spell library contained the following spells:

 Spells                   Type           Power      Damage    Failure   Level
 Magic Dart               Conj           0%         1d3       36%         1
 Slow                     Hex            0%         N/A       36%         1
 Sting                    Tmut/Pois      0%         1d3       36%         1
 Ensorcelled Hibernation  Hex/Ice        0%         N/A       50%         2
 Poisonous Vapours        Pois/Air       0%         N/A       50%         2
 Searing Ray              Conj           0%         2d4       50%         2
 Static Discharge         Conj/Air       0%         N/A       50%         2
 Confusing Touch          Hex            0%         N/A       75%         3
 Spider Form              Tmut/Pois      0%         N/A       75%         3
 Vampiric Draining        Necr           0%         2d6       75%         3
 Fulminant Prism          Conj/Hex       0%         3d6       98%         4
 Olgreb's Toxic Radiance  Pois           0%         N/A       98%         4
 Passage of Golubria      Tloc           0%         N/A       98%         4
 Lightning Bolt           Conj/Air       0%         1d11      100%        5
 Silence                  Hex/Air        0%         N/A       100%        5
 Lehudib's Crystal Spear  Conj/Erth      0%         10d2      100%        8
 Maxwell's Capacitive Co  Air            0%         ∞         100%        8

Inventory:

Hand Weapons
 a - a +2 hand axe of venom
 b - a +0 long sword of holy wrath (weapon)
 t - a +1 flail of protection
Armour
 r - a +0 cloak (worn)
 D - a +0 robe of resistance (worn)
Magical Staves
 e - a staff of air
Jewellery
 d - a +4 ring of protection (right hand)
 y - a ring of positive energy (left hand)
 B - a ring of fire
Wands
 u - a wand of iceblast (9)
 x - a wand of flame (27)
 C - a wand of acid (3)
Scrolls
 c - a scroll of magic mapping
 f - a scroll of enchant weapon
 g - a scroll of amnesia {unknown}
 j - a scroll of fear
 m - 4 scrolls of teleportation {@r4}
 n - 2 scrolls of blinking
 p - a scroll of noise {!r}
 s - a scroll of vulnerability {!r}
 z - a scroll of holy word {unknown}
 A - a scroll of summoning {unknown}
Potions
 h - a potion of brilliance
 i - a potion of flight {unknown}
 k - a potion of berserk rage {unknown}
 l - a potion of curing {@q1}
 o - a potion of heal wounds {unknown}
 q - 2 potions of invisibility {unknown}
 w - a potion of haste {unknown}

Dungeon Overview and Level Annotations

Branches:
Dungeon (7/15)
 Temple: D:4-7

Altars:
Cheibriados
Elyvilon
Fedhas
Gozag
Hepliaklqana
Makhleb
Okawaru
Qazlal
Trog
Uskayaw
Xom

Shops:
D:3

* ▒▒▒▒▒▒▒▒▒ ▒.......▒
▒.......▒ ▒▒▒▒▒▒▒
▒.......▒▒▒▒▒▒ ▒.....▒
▒.......▒▒...▒ ▒.....▒
▒.......▒▒...▒ ▒.....▒
▒.......▒▒...▒▒▒▒.....▒
▒>...........WH.......▒
▒.....▒▒▒▒..)▒▒▒▒.....▒
▒.....▒.......▒▒▒▒▒▒..▒
▒.....▒.......▒.......▒
▒.....▒.......▒.......▒
..
▒W▒▒▒▒▒...▒▒▒▒▒.......▒
... ▒.▒ ▒▒...▒
▒.......▒▒ .... ▒.▒
......▒
▒▒▒▒▒▒▒..▒▒▒....
▒.▒.......▒
▒▒▒▒...........


You could see a wraith.


Message History

* * * LOW HITPOINT WARNING * * *
Unknown command.
You hit the wraith but do no damage.
The wraith is heavily damaged.
The wraith hits you but does no damage. The wraith closely misses you.
Unknown command.
You hit the wraith.
The wraith convulses.
You tail-slap the wraith, but do no damage.
The wraith is severely damaged.
The wraith hits you!
* * * LOW HITPOINT WARNING * * *
The wraith drains your vigour!
You feel as though you will be slow longer.
The wraith hits you.
* * * LOW HITPOINT WARNING * * *
You barely miss the wraith.
Your tail-slap misses the wraith.
The wraith is severely damaged.
The wraith barely misses you. The wraith hits you but does no damage.
The wraith barely misses you. The wraith hits you.
* * * LOW HITPOINT WARNING * * *
The wraith drains your vigour!
You feel as though you will be slow longer.
Items here: )) [ ÷.
The wraith hits you!
You die...

Action                   |  1- 3 |  4- 6 |  7- 9 || total
-------------------------+-------+-------+-------++-------
Melee: Falchion          |    10 |       |       ||    10
       Hand axe          |    69 |   137 |   178 ||   384
       Tailslap          |     7 |    23 |    34 ||    64
       Unarmed           |       |     8 |       ||     8
       Long sword        |       |       |    31 ||    31
Invok: Banish            |       |     1 |       ||     1
 Abil: Rolling Charge    |     6 |     6 |    12 ||    24
  Use: Potion            |       |     3 |       ||     3
       Scroll            |       |     4 |       ||     4
 Stab: Sleeping          |       |       |     1 ||     1
Armor: Leather armour    |    37 |    64 |    95 ||   196
       Skin              |       |     9 |       ||     9
       Robe              |       |       |     5 ||     5
Dodge: Dodged            |    33 |    47 |    89 ||   169

Levels and vault maps discovered:
D:1:      nicolae_arrival_washed_ashore, layout_rooms, minmay_misc_feat_doors
D:2:      layout_basic
D:3:      layout_loops_ring, hellmonk_ecumenical_altar_blasted, serial_shops,
          nicolae_shop_crystal, grunt_ministairs_14, minmay_pentangle
D:4:      layout_basic, minitemple
D:5:      layout_cave_pools
D:6:      layout_basic, nicolae_qazlal_style_of_elements, uniq_duvessa
D:7:      layout_basic, temple_doors_e

Notes
Turn   | Place    | Note
-------+----------+-------------------------------------------
     0 | Abyss:1  | sanka the Palentonga Abyssal Knight began the quest for the
                  | Orb.
     0 | Abyss:1  | Reached XP level 1. HP: 19/19 MP: 2/2
    85 | D:1      | Escaped the Abyss
   346 | D:1      | Reached XP level 2. HP: 16/25 MP: 3/3
   516 | D:1      | Reached skill level 1 in Axes
   654 | D:1      | Reached ** piety under Lugonu
   857 | D:1      | Reached skill level 2 in Axes
   857 | D:1      | Reached XP level 3. HP: 31/31 MP: 4/4
  1562 | D:2      | Reached XP level 4. HP: 33/37 MP: 4/6
  1910 | D:3      | Reached skill level 3 in Invocations
  1946 | D:3      | Found Arofa's General Store.
  1958 | D:3      | Bought a scroll of blinking for 97 gold pieces
  1958 | D:3      | Bought a scroll of teleportation for 39 gold pieces
  1985 | D:3      | Reached skill level 3 in Axes
  2034 | D:3      | Noticed a water moccasin
  2046 | D:3      | Killed a water moccasin
  2046 | D:3      | Reached *** piety under Lugonu
  2047 | D:3      | Reached skill level 4 in Invocations
  2047 | D:3      | Reached XP level 5. HP: 43/43 MP: 6/8
  2426 | D:3      | Reached skill level 4 in Axes
  2639 | D:3      | Found a faded altar of an unknown god.
  2914 | D:3      | Bought a scroll of identify for 26 gold pieces
  2917 | D:3      | Bought a scroll of identify for 26 gold pieces
  2992 | D:4      | Noticed an ogre
  2995 | D:4      | Banished an ogre
  2996 | D:4      | Reached XP level 6. HP: 50/50 MP: 4/9
  3141 | D:4      | Reached skill level 5 in Invocations
  3253 | D:4      | Found a snail-covered altar of Cheibriados.
  3473 | D:4      | Reached skill level 5 in Axes
  3578 | D:4      | Gained mutation: You curl defensively after being hit. (AC
                  | +7*) [Palentonga growth]
  3578 | D:4      | Reached XP level 7. HP: 46/55 MP: 11/11
  3784 | D:4      | Found a blossoming altar of Fedhas.
  3785 | D:4      | Found a hazy altar of Hepliaklqana.
  3790 | D:4      | Found a white marble altar of Elyvilon.
  3791 | D:4      | Found a shimmering altar of Xom.
  3791 | D:4      | Found an opulent altar of Gozag.
  3791 | D:4      | Found a bloodstained altar of Trog.
  3794 | D:4      | Found an iron altar of Okawaru.
  3795 | D:4      | Found a hide-covered altar of Uskayaw.
  3796 | D:4      | Found a burning altar of Makhleb.
  4340 | D:3      | Bought a scroll of magic mapping for 45 gold pieces
  4368 | D:5      | Entered Level 5 of the Dungeon
  4512 | D:5      | Reached skill level 6 in Invocations
  4673 | D:5      | Reached skill level 6 in Axes
  4736 | D:5      | Reached skill level 7 in Invocations
  4750 | D:5      | Reached **** piety under Lugonu
  4920 | D:5      | Reached XP level 8. HP: 62/62 MP: 13/13
  4928 | D:5      | Reached skill level 8 in Invocations
  5249 | D:6      | Found a stormy altar of Qazlal.
  5252 | D:6      | Noticed an air elemental
  5376 | D:6      | Reached skill level 4 in Fighting
  5521 | D:6      | Reached skill level 7 in Axes
  5716 | D:6      | Noticed Duvessa
  5719 | D:6      | Noticed Dowan
  5726 | D:6      | Killed Duvessa
  5727 | D:6      | Reached skill level 5 in Fighting
  5732 | D:6      | Killed Dowan
  6151 | D:6      | Reached XP level 9. HP: 60/70 MP: 15/15
  6682 | D:6      | Reached skill level 6 in Fighting
  6682 | D:6      | Reached skill level 8 in Axes
  7211 | D:7      | Identified a +0 robe of resistance
  7597 | D:7      | HP: 7/75 [wraith (3)]
  7599 | D:7      | Slain by a wraith

Vanquished Creatures
  A steam dragon (D:6)
  Duvessa (D:6)
  3 water moccasins
  An orc warrior (D:7)
  3 black bears
  An ogre (D:5)
  3 necrophages
  3 bullfrogs
  A water moccasin skeleton (D:5)
  Dowan (D:6)
  2 howler monkeys (D:6)
  An orc priest (D:4)
  A jelly (D:5)
  A centaur skeleton (D:4)
  4 hounds
  2 bullfrog skeletons (D:6)
  4 iguanas
  5 orc wizards
  A hound skeleton (D:5)
  3 gnolls (D:4)
  11 adders
  An adder skeleton (D:4)
  4 worms
  2 dart slugs
  14 orcs
  7 bats
  12 endoplasms
  15 giant cockroaches
  8 goblins
  4 hobgoblins
  4 quokkas
  6 ball pythons
  3 frilled lizards (D:3)
  8 kobolds
  7 rats
148 creatures vanquished.
